 Dungeon Crawl Stone Soup version 0.20.1-1-g8b1a95d (webtiles) character file.

22 Mesmaeker13 the Conjurer (level 2, -7/15 HPs)
             Began as a Deep Elf Conjurer on Dec 12, 2017.
             Mangled by a gnoll (8 damage)
             ... on level 2 of the Dungeon.
             The game lasted 00:02:44 (1955 turns).

Mesmaeker13 the Conjurer (Deep Elf Conjurer)        Turns: 1955, Time: 00:02:46

Health: -7/15      AC:  2    Str: 11    XL:     2   Next: 68%
Magic:  4/8        EV: 13    Int: 19    God:
Gold:   17         SH:  0    Dex: 15    Spells: 4/7 levels left

rFire    . . .     SeeInvis .   r - +2 short sword (holy)
rCold    . . .     Gourm    .   (no shield)
rNeg     . . .     Faith    .   a - +0 robe
rPois    .         Spirit   .   (no helmet)
rElec    .         Reflect  .   (no cloak)
rCorr    .         Harm     .   (no gloves)
MR       .....                  (no boots)
Stlth    ++........             (no amulet)
Regen    0.1/turn               k - +6 ring of strength
MPRegen  0.2/turn               (no ring)

@: about to teleport
A: no striking features
a: no special abilities


You were on level 2 of the Dungeon.
You were very hungry.

You visited 1 branch of the dungeon, and saw 3 of its levels.

You collected 17 gold pieces.

Inventory:

Hand Weapons
 r - a +2 short sword of holy wrath (weapon)
Armour
 a - a +0 robe (worn)
Jewellery
 k - a +6 ring of strength (left hand)
Scrolls
 i - a scroll of noise {unknown}
 j - a scroll of magic mapping {unknown}
 l - a scroll of identify {unknown}
 o - a scroll of teleportation
Potions
 e - a potion of heal wounds {unknown}
 h - a potion of haste {unknown}
 q - 2 potions of lignification {unknown}
Books
 b - a book of Conjurations

   Spells                             Type                      Level
   a - Magic Dart                     Conjuration                  1
   b - Searing Ray                    Conjuration                  2
   c - Dazzling Spray                 Conjuration/Hexes            3
   d - Fulminant Prism                Conjuration/Hexes            4
   e - Force Lance                    Conjuration/Translocation    4
   f - Iskenderun's Mystic Blast      Conjuration                  4
Comestibles
 c - 2 bread rations
 f - a fruit
 n - a royal jelly
 p - 2 meat rations


   Skills:
 + Level 3.2 Dodging
 - Level 2.4 Stealth
 + Level 3.3 Spellcasting
 + Level 4.7 Conjurations


You had 4 spell levels left.
You knew the following spells:

 Your Spells              Type           Power        Failure   Level  Hunger
a - Magic Dart            Conj           ###.         1%          1    None
b - Searing Ray           Conj           ###...       3%          2    ##.....


Dungeon Overview and Level Annotations

Branches:
Dungeon (3/15)

Altars:


Message History

Aim: a gnoll The searing ray hits the gnoll.
The gnoll is moderately wounded. (Press . to maintain the ray.)
The searing ray hits the bat.
You kill the bat!
The searing ray hits the gnoll.
The gnoll is heavily wounded.
The gnoll barely misses you.
You climb upwards.
The gnoll closely misses you. The gnoll hits you with a spear.
The gnoll misses you.
There is a stone staircase leading down here.
As you read the scroll labeled UDGHEX VIBO, it crumbles to dust.
You feel strangely unstable.
It was a scroll of teleportation.
The gnoll hits you with a spear!
Ouch! That really hurt!
* * * LOW HITPOINT WARNING * * *
The gnoll hits you!
Ouch! That really hurt!
You die...

############ #############
......##...# #...........#
#####.##...####...........#
#####.##.....gg...........#
...(............@.........#
.####.#....####g.g....#####
...##..............)..#
...##.................#
...###................###
...# #..................#
....##..................#
.##.##..................##
....##...................#


You could see 4 gnolls.

Vanquished Creatures
  A dart slug (D:1)
  An orc (D:3)
  A giant cockroach (D:2)
  4 goblins
  3 hobgoblins
  3 kobolds
  2 bats (D:3)
  A frilled lizard (D:1)
  2 rats
18 creatures vanquished.

Vanquished Creatures (others)
  5 toadstools (D:1)
5 creatures vanquished.

Grand Total: 23 creatures vanquished

Notes
Turn   | Place    | Note
-------+----------+-------------------------------------------
     0 | D:1      | Mesmaeker13 the Deep Elf Conjurer began the quest for the Orb.
     0 | D:1      | Reached XP level 1. HP: 10/10 MP: 6/6
   575 | D:1      | Reached XP level 2. HP: 6/15 MP: 5/8
  1539 | D:3      | Learned a level 2 spell: Searing Ray
  1955 | D:2      | Mangled by a gnoll

Skill      XL: |  1  2 |
---------------+-------+-----
Dodging        | 3 |  3.2
Stealth        | |  2.4
Spellcasting   | |  3.3
Conjurations   | |  4.7

Action                   || total
-------------------------++-------
Melee: Dagger            ||     8
       Short sword       ||     1
 Cast: Magic Dart        ||    41
       Searing Ray       ||     3
  Use: Scroll            ||     2
  Eat: Chunk             ||     2
Armor: Robe              ||     2
Dodge: Dodged            ||    30
